 Dungeon Crawl Stone Soup version 0.23-a0-143-g1adec7b (webtiles) character file.

163 Amnesiac the Chiller (level 5, 0/35 HPs)
             Began as a Mummy Ice Elementalist on Sept 2, 2018.
             Slain by an ufetubus (2 damage)
             ... summoned by Eustachio
             ... on level 4 of the Dungeon.
             The game lasted 00:06:34 (2236 turns).

Amnesiac the Chiller (Mummy Ice Elementalist)       Turns: 2236, Time: 00:06:35

Health: 0/35       AC:  7    Str: 11    XL:     5   Next: 20%
Magic:  2/11       EV: 11    Int: 16    God:
Gold:   85         SH:  0    Dex: 12    Spells: 0/12 levels left

rFire    x . .     SeeInvis .   e - -2 mace (curse)
rCold    + . .     Gourm    .   (no shield)
rNeg     + + +     Faith    .   b - +1 leather armour {MR+}
rPois    ∞         Spirit   .   (no helmet)
rElec    .         Reflect  .   a - +2 cloak
rCorr    .         Harm     .   (no gloves)
MR       +....                  (no boots)
Stlth    +.........             (no amulet)
HPRegen  0.11/turn              (no ring)
MPRegen  0.12/turn              (no ring)

@: very slightly contaminated
A: no food or potions, fire vulnerability, cold resistance 1, negative energy
resistance 3, torment resistance, unbreathing
a: no special abilities


You were on level 4 of the Dungeon.
You were not hungry.

You visited 1 branch of the dungeon, and saw 6 of its levels.

You collected 85 gold pieces.

Inventory:

Hand Weapons
 d - a +0 blowgun
 e - a cursed -2 mace (weapon)
 g - a cursed -1 rapier
Missiles
 c - 3 poisoned needles
 f - 3 curare-tipped needles
Armour
 a - a +2 cloak (worn)
 b - a +1 leather armour of magic resistance (worn)


   Skills:
 - Level 1.5 Dodging
 - Level 1.5 Stealth
 + Level 4.2 Spellcasting
 - Level 0.7 Conjurations
 * Level 4.3 Ice Magic


You couldn't memorise any spells.
You knew the following spells:

 Your Spells              Type           Power        Failure   Level  Hunger
a - Freeze                Ice            ###.         3%          1    N/A
b - Summon Ice Beast      Ice/Summ       ##......     65%         4    N/A
d - Throw Icicle          Conj/Ice       ##......     58%         4    N/A
z - Ozocubu's Armour      Chrm/Ice       ##......     26%         3    N/A

Your spell library contained the following spells:

 Spells                   Type           Power        Failure   Level  Hunger
 Throw Frost              Conj/Ice       ##....       12%         2    N/A

Dungeon Overview and Level Annotations

Branches:
Dungeon (6/15)
 Temple: D:4-7

Altars:
Ashenzari
Cheibriados
Hepliaklqana
Kikubaaqudgha

Annotations:
D:4 Eustachio


Innate Abilities, Weirdness & Mutations

You do not eat or drink.
Your flesh is vulnerable to fire.
You are immune to poison.
Your flesh is cold resistant. (rC+)
You are immune to negative energy. (rN+++)
You are immune to unholy pain and torment.
You can survive without breathing.


Message History

Confirm with . or Enter, or press ? or * to list all spells.
Aiming: Freeze (safe; 3% risk of failure)
Press: ? - help, Shift-Dir - straight line, f/p - Eustachio
Aim: Eustachio, wielding a vampiric rapier, wearing a leather armour and You miscast Freeze.
You are very lightly contaminated with residual magic.
Wisps of condensation drift from your hands.
Eustachio zaps a wand.
The puff of flame hits you! The fire burns you terribly!
* * * LOW HITPOINT WARNING * * *
The crimson imp barely misses you.
Casting: Freeze (safe; 3% risk of failure)
Confirm with . or Enter, or press ? or * to list all spells.
Aiming: Freeze (safe; 3% risk of failure)
Press: ? - help, Shift-Dir - straight line, f/p - Eustachio
Aim: Eustachio, wielding a vampiric rapier, wearing a leather armour and You freeze Eustachio.
Eustachio is moderately wounded.
Eustachio hits you with a vampiric rapier.
* * * LOW HITPOINT WARNING * * *
The crimson imp blinks!
Casting: Freeze (safe; 3% risk of failure)
Confirm with . or Enter, or press ? or * to list all spells.
Aiming: Freeze (safe; 3% risk of failure)
Press: ? - help, Shift-Dir - straight line, f/p - Eustachio
Aim: Eustachio, wielding a vampiric rapier, wearing a leather armour and You freeze Eustachio.
Eustachio is heavily wounded.
Eustachio zaps a wand.
The puff of flame misses you.
The puff of flame hits the crimson imp.
The crimson imp completely resists.
Casting: Freeze (safe; 3% risk of failure)
Confirm with . or Enter, or press ? or * to list all spells.
Aiming: Freeze (safe; 3% risk of failure)
Press: ? - help, Shift-Dir - straight line, f/p - Eustachio
Aim: Eustachio, wielding a vampiric rapier, wearing a leather armour and You freeze Eustachio.
Eustachio is heavily wounded.
Eustachio gestures wildly while chanting.
Casting: Freeze (safe; 3% risk of failure)
Confirm with . or Enter, or press ? or * to list all spells.
Aiming: Freeze (safe; 3% risk of failure)
Press: ? - help, Shift-Dir - straight line, f/p - Eustachio
Aim: Eustachio, wielding a vampiric rapier, wearing a leather armour and You miscast Freeze.
Nothing appears to happen.
Eustachio zaps a wand.
The puff of flame hits you! The fire burns you terribly!
* * * LOW HITPOINT WARNING * * *
Casting: Freeze (safe; 3% risk of failure)
Confirm with . or Enter, or press ? or * to list all spells.
Aiming: Freeze (safe; 3% risk of failure)
Press: ? - help, Shift-Dir - straight line, f/p - Eustachio
Aim: Eustachio, wielding a vampiric rapier, wearing a leather armour and You freeze Eustachio.
Eustachio is severely wounded.
The white imp shouts, "Slither away, thou defiled tip-merry dustbag!"
Eustachio hits you but does no damage.
Casting: Freeze (safe; 3% risk of failure)
Confirm with . or Enter, or press ? or * to list all spells.
Aiming: Freeze (safe; 3% risk of failure)
Press: ? - help, Shift-Dir - straight line, f/p - Eustachio
Aim: Eustachio, wielding a vampiric rapier, wearing a leather armour and You freeze Eustachio.
Eustachio is almost dead.
The crimson imp disappears in a puff of smoke!
The ufetubus misses you. The ufetubus hits you.
You die...

############
....5r@@5..#
....5#####.#
... #(# .
#.####.####
#..........
#..###.###.
#.#
.#.###..#
#.# #..
........#
#.# ###
##.####.#
#.# #


You could see Eustachio, 2 white imps, an ufetubus and a quokka.

Vanquished Creatures
  A bullfrog (D:4)
  A scorpion (D:4)
  An adder skeleton (D:4)
  A worm (D:3)
  A leopard gecko (D:2)
  14 orcs
  2 giant cockroaches (D:3)
  2 goblins
  A kobold (D:3)
  2 quokkas (D:3)
  2 bats
  A frilled lizard (D:4)
  A rat (D:4)
30 creatures vanquished.

Notes
Turn   | Place    | Note
-------+----------+-------------------------------------------
     0 | D:1      | Amnesiac the Mummy Ice Elementalist began the quest for the
                  | Orb.
     0 | D:1      | Reached XP level 1. HP: 13/13 MP: 4/4
   345 | D:3      | Noticed a phantom
   391 | D:3      | Noticed an ice beast
   393 | D:3      | Reached XP level 2. HP: 9/19 MP: 0/5
   568 | D:4      | Noticed a phantom
   816 | D:4      | Noticed a bullfrog
  1043 | D:4      | Killed a bullfrog
  1043 | D:4      | Reached XP level 3. HP: 16/24 MP: 2/8
  1043 | D:4      | Reached XP level 4. HP: 20/30 MP: 2/9
  1049 | D:4      | Learned a level 4 spell: Summon Ice Beast
  1054 | D:4      | Learned a level 4 spell: Throw Icicle
  1321 | D:4      | Reached XP level 5. HP: 30/35 MP: 4/11
  1363 | D:4      | Learned a level 3 spell: Ozocubu's Armour
  1542 | D:5      | Entered Level 5 of the Dungeon
  1683 | D:4      | Found a snail-covered altar of Cheibriados.
  1684 | D:4      | Found a shattered altar of Ashenzari.
  1684 | D:4      | Found a hazy altar of Hepliaklqana.
  1684 | D:4      | Found an ancient bone altar of Kikubaaqudgha.
  2223 | D:4      | Noticed Eustachio
  2234 | D:4      | HP: 1/35 [Eustachio/wand of flame (8) (9)]
  2236 | D:4      | Slain by an ufetubus

Vault maps used:
D:1:      lemuel_arrival_rhombus, fountainhead
D:2:      serial_forest, infiniplex_forest_clump_diagonal,
          infiniplex_forest_straight_3, infiniplex_forest_clump_diagonal,
          infiniplex_forest_corner_1, infiniplex_forest_clump_double,
          infiniplex_forest_zigzag_2, infiniplex_forest_3_way,
          corexii_hall_statues_s, uniq_natasha, uniq_jessica
D:3:      kennysheep_ying_yang, grunt_ministairs_6, okawaru_altar_gauntlet_db
D:4:      chequers_temple_overflow_statue_of_worship, first_ration,
          uniq_eustachio
D:5:      lemuel_crystal_altar, cheibrodos_sewer_entry_drain,
          uniq_crazy_yiuf_cottage
D:6:      eat_drink_and_be_merry_uskayaw, minmay_temple_entry_statues_fountains,
          serial_shops, nicolae_shop_trees, uniq_menkaure

Skill      XL: |  1  2  3  4 |
---------------+-------------+-----
Ice Magic      | 3 4 |  4.3
Spellcasting   | 3 4 |  4.2
Dodging        | |  1.5
Stealth        | |  1.5
Conjurations   | |  0.7

Action                   |  1- 3 |  4- 6 || total
-------------------------+-------+-------++-------
Melee: Mace              |       |    14 ||    14
 Fire: Blowgun           |    13 |       ||    13
 Cast: Freeze            |    30 |    47 ||    77
       Summon Ice Beast  |       |     1 ||     1
  Use: Scroll            |     3 |     2 ||     5
 Stab: Sleeping          |       |     1 ||     1
Armor: Robe              |    15 |     1 ||    16
       Leather armour    |       |     9 ||     9
Dodge: Dodged            |    34 |    33 ||    67

Table legend:
 A = Non-vault XP
 B = Vault XP
 C = Vault XP percentage of total XP
 D = Non-vault monster count
 E = Vault monster count
 F = Vault count percentage of total count
                 A         B        C        D         E       F
            +---------+---------+-------+---------+---------+-------
      Total |     234 |       0 |   0.0 |      30 |       0 |   0.0
            +---------+---------+-------+---------+---------+-------
        D:1 |       2 |       0 |   0.0 |       1 |       0 |   0.0
        D:2 |       5 |       0 |   0.0 |       2 |       0 |   0.0
        D:3 |      19 |       0 |   0.0 |       8 |       0 |   0.0
        D:4 |     202 |       0 |   0.0 |      17 |       0 |   0.0
        D:5 |       6 |       0 |   0.0 |       2 |       0 |   0.0
            +---------+---------+-------+---------+---------+-------
